 Dungeon Sprint DCSS version 0.17-a0-1133-gfb1399f (webtiles) character file.

303 esc the Changer (level 6, -9/50 HPs)
             Began as an Octopode Transmuter on May 25, 2015.
             Was a Believer of Cheibriados.
             Mangled by a hill giant
             ... wielding a +0 giant club
              (27 damage)
             ... in the Dungeon (Sprint IX: "|||||||||||||||||||||||||||||").
             The game lasted 00:02:04 (284 turns).

esc the Changer (Octopode Transmuter)                Turns: 284, Time: 00:02:04

Health: -9/50      AC:  3    Str: 13    XL:     6   Next: 38%
Magic:  9/9        EV: 14    Int: 22    God:    Cheibriados [**....]
Gold:   0          SH:  0    Dex: 16    Spells: 1 memorised, 8 levels left

rFire  . . .     SeeInvis .       - Unarmed
rCold  . . .     Clarity  .     (no shield)
rNeg   . . .     SustAt   .     (helmet restricted)
rPois  .         Gourm    .     (no amulet)
rElec  .         Spirit   .     p - +2 ring of evasion
rCorr  .         Warding  .     q - +2 ring of protection
rMut   .         NoTele   +     (no ring)
MR     .....                    (no ring)
Stlth  ++........               (no ring)
                                (no ring)
                                (no ring)
                                (no ring)

@: very slightly contaminated, invisible, very slow, not resistant to hostile
enchantments, unstealthy
A: almost no armour, amphibious, 8 rings, constrict 8, camouflage 1, gelatinous
body 1
a: Bend Time, Renounce Religion


You were in the Dungeon.
You worshipped Cheibriados.
Cheibriados was pleased with you.
You were not hungry.

You visited 1 branch

Inventory:

Missiles
 a - 12 arrows
Magical staves
 n - an uncursed staff of energy {@w1+MP, hungerless spells, !d!a}
   (You found it in the Dungeon)
Jewellery
 p - a +2 ring of evasion (left tentacle)
   (You found it in the Dungeon)
 q - a +2 ring of protection (right tentacle)
   (You found it in the Dungeon)
Magical devices
 o - a wand of cold (3)
   (You found it in the Dungeon)
Scrolls
 i - 2 scrolls of blinking {!r}
 l - 3 scrolls of remove curse
 m - 2 scrolls of amnesia
Potions
 d - 5 potions of curing
 e - 3 potions of heal wounds
 f - a potion of haste
 g - 4 potions of magic
 h - a potion of berserk rage {!q}
Books
 b - a book of Changes
Comestibles
 c - a bread ration {@e1}
 j - 2 chunks of flesh {@w0}


   Skills:
 + Level 7.7 Fighting
 - Level 2.0 Dodging
 + Level 7.6 Unarmed Combat
 - Level 2.0 Spellcasting
 + Level 7.9 Transmutations


You had 8 spell levels left.
You knew the following spells:

 Your Spells              Type           Power        Failure   Level  Hunger
a - Beastly Appendage     Trmt           #####.       1%          1    #......


Dungeon Overview and Level Annotations

Branches:
Dungeon (1/1)

Altars:
Cheibriados
Dithmenos
Elyvilon
Fedhas
Gozag
Kikubaaqudgha
Makhleb
Nemelex Xobeh
Okawaru
Qazlal
Ru
Sif Muna
Trog
Vehumet
Xom
Yredelemnul
Zin
The Shining One
Beogh
Jiyva
Lugonu


Innate Abilities, Weirdness & Mutations

You cannot wear most types of armour.
You are amphibious.
You can wear up to eight rings at the same time.
You can use your tentacles to constrict eight enemies at once.
Your skin changes colour to match your surroundings (Stealth).
Your rubbery body absorbs attacks (AC +1).


Message History

r - a +2 halberd of protection;
s - a +2 morningstar of protection
t - a +1 broad axe of chopping;
u - a +2 rapier of protection Drop what? 21/52 slots (_ for help) (? for menu, Esc to quit)
You drop a +2 scimitar of holy wrath.
You drop a +4 quarterstaff of speed.
You drop a +2 halberd of protection.
You drop a +2 morningstar of protection.
You drop a +1 broad axe of chopping.
You drop a +2 rapier of protection.
Okay, then.
You see here a +0 helmet.
You see here a +0 helmet.
You see here a +1 scale mail.
p - a +2 ring of evasion
q - a +2 ring of protection Put on which piece of jewellery? (? for menu, Esc to quit)
p - a +2 ring of evasion (left tentacle) Put on which piece of jewellery? (? for menu, Esc to quit)
q - a +2 ring of protection (right tentacle)
You see here a +1 scale mail.
You see here a +0 helmet.
You see here a +0 helmet.
You see here a +0 helmet.
You see here a +1 scale mail.
You start resting.
Health restored: 21 You open the door.
A giant gecko, a steam dragon, a centaur, an ogre, a hill giant and a phantom come into view.
Drink which item? (? for menu, Esc to quit)
You fade into invisibility!
The hill giant shouts!
You are very lightly contaminated with residual magic.
Aim: an ogre, wielding a giant club (hasn't noticed you)
The bolt of cold hits the ogre.
The ogre shouts!
The bolt of cold hits the giant gecko.
You kill the giant gecko!
Cheibriados thoroughly appreciates the change of pace.
The bolt of cold hits the steam dragon.
This wand has 6 charges left.
The ogre misses you.
Aim: an ogre, wielding a giant club (heavily wounded)
The bolt of cold hits the ogre.
You kill the ogre!
Cheibriados appreciates the change of pace.
Cheibriados slows and strengthens your metabolism.
Cheibriados raises the support of your attributes as your movement slows.
Your Fighting skill gained 2 levels and is now at level 5!
Your Unarmed Combat skill gained 2 levels and is now at level 5!
Your Transmutations skill gained 2 levels and is now at level 5!
You have reached level 3!
Your experience leads to an increase in your attributes!
Your base attributes are Str 9, Int 15, Dex 12.
Increase (S)trength, (I)ntelligence, or (D)exterity?
You feel clever.
You have reached level 4!
The bolt of cold hits the hill giant.
The bolt of cold hits the steam dragon.
This wand has 5 charges left.
You regained 9 hp, and now have 30/35 hp.
MP restored: 7
There is an open door to the Dungeon here.
Things that are here:
a giant club; an ogre corpse
Aim: a hill giant, wielding a giant club (lightly wounded, hasn't noticed you)
The bolt of cold hits the hill giant.
The bolt of cold hits the steam dragon.
You kill the steam dragon!
Cheibriados appreciates the change of pace.
Your Fighting skill gained 2 levels and is now at level 7!
Your Unarmed Combat skill gained 2 levels and is now at level 7!
Your Transmutations skill gained 2 levels and is now at level 7!
You have reached level 5!
You feel clever.
You have reached level 6!
Your experience leads to an increase in your attributes!
Your base attributes are Str 9, Int 17, Dex 12.
Increase (S)trength, (I)ntelligence, or (D)exterity?
You feel clever.
The bolt of cold hits the centaur.
You kill the centaur!
Cheibriados thoroughly appreciates the change of pace.
Cheibriados raises the support of your attributes as your movement slows. x2
This wand has 4 charges left.
You regained 7 hp, and now have 37/50 hp.
MP restored: 9 You strike the helpless hill giant from behind!
You tentacle-slap the hill giant. You squeeze the hill giant!
Aim: a hill giant, wielding a giant club (heavily wounded, hasn't noticed you)
The bolt of cold hits the hill giant.
The bolt of cold hits the phantom.
The phantom resists.
This wand has 3 charges left.
You strike the helpless hill giant from behind!
You tentacle-slap the hill giant.
The hill giant hits you with a giant club!!
You take 20 damage, and have 17/50 hp.
MASSIVE DAMAGE!!
You strike the helpless hill giant from behind!
You tentacle-slap the hill giant. You barely miss the hill giant.
You tentacle-slap the hill giant, but do no damage.
The hill giant hits you with a giant club!!
Ouch! That really hurt!
You die... ▓▓▓▓▓▓▓▓▓▓▓▓▓▓▓▓▓▓▓▓▓▓▓▓ +..).WC@..[[[.)..'______ ▓▓▓▓▓▓▓▓▓▓▓▓▓▓▓▓▓▓▓▓▓▓▓▓

You could see a hill giant and a phantom.

Vanquished Creatures
  A steam dragon (D)
  An ogre (D)
  A centaur (D)
  A giant gecko (D)
  3 goblins (D)
  A hobgoblin (D)
  2 jackals (D)
  A giant cockroach zombie (D)
  A quokka (D)
  A rat (D)
13 creatures vanquished.

Notes
Turn   | Place    | Note
--------------------------------------------------------------
     0 | D        | esc the Octopode Transmuter began the quest for the Orb.
     0 | D        | Reached XP level 1. HP: 13/13 MP: 3/3
     7 | D        | Reached skill level 2 in Fighting
    14 | D        | Reached skill level 3 in Transmutations
   189 | D        | Noticed a crimson imp
   193 | D        | Reached XP level 2. HP: 17/20 MP: 5/5
   198 | D        | Reached skill level 3 in Fighting
   210 | D        | Found a glowing silver altar of Zin.
   210 | D        | Found a glowing golden altar of the Shining One.
   210 | D        | Found an ancient bone altar of Kikubaaqudgha.
   210 | D        | Found a basalt altar of Yredelemnul.
   210 | D        | Found a shimmering altar of Xom.
   210 | D        | Found a radiant altar of Vehumet.
   211 | D        | Found an iron altar of Okawaru.
   212 | D        | Found a burning altar of Makhleb.
   214 | D        | Found a deep blue altar of Sif Muna.
   215 | D        | Found a bloodstained altar of Trog.
   216 | D        | Found a sparkling altar of Nemelex Xobeh.
   217 | D        | Found a white marble altar of Elyvilon.
   218 | D        | Found a roughly hewn altar of Beogh.
   219 | D        | Found a viscous altar of Jiyva.
   220 | D        | Found a corrupted altar of Lugonu.
   221 | D        | Found a blossoming altar of Fedhas.
   222 | D        | Found a snail-covered altar of Cheibriados.
   223 | D        | Found a shadowy altar of Dithmenos.
   224 | D        | Found a stormy altar of Qazlal.
   225 | D        | Found an opulent altar of Gozag.
   226 | D        | Found a sacrificial altar of Ru.
   230 | D        | Became a worshipper of Cheibriados the Contemplative
   274 | D        | Noticed a phantom
   274 | D        | Noticed a centaur
   274 | D        | Noticed a hill giant
   274 | D        | Noticed a steam dragon
   274 | D        | Noticed an ogre
   277 | D        | Killed an ogre
   277 | D        | Acquired Cheibriados's first power
   277 | D        | Reached skill level 5 in Fighting
   277 | D        | Reached skill level 5 in Unarmed Combat
   277 | D        | Reached skill level 5 in Transmutations
   277 | D        | Reached XP level 3. HP: 25/29 MP: 6/6
   277 | D        | Reached XP level 4. HP: 30/35 MP: 7/7
   279 | D        | Killed a steam dragon
   279 | D        | Reached skill level 7 in Fighting
   279 | D        | Reached skill level 7 in Unarmed Combat
   279 | D        | Reached skill level 7 in Transmutations
   279 | D        | Reached XP level 5. HP: 33/43 MP: 8/8
   279 | D        | Reached XP level 6. HP: 37/49 MP: 9/9
   279 | D        | Killed a centaur
   284 | D        | Mangled by a hill giant

Vault maps used:
D:        linesprint

Action                   |  1- 3 |  4- 6 || total
-------------------------+-------+-------++-------
Melee: Unarmed           |    24 |     4 ||    28
Evoke: Wand              |     1 |     3 ||     4
  Use: Potion            |     1 |       ||     1
 Stab: Sleeping          |     1 |       ||     1
       Invisible         |       |     3 ||     3

Vault maps used:
D:        linesprint

Table legend:
 A = Turns spent in this place as a percentage of turns spent in the entire game.
 B = Non-inter-level travel turns spent in this place as a percentage of non-inter-level travel turns spent in the entire game.
 C = Inter-level travel turns spent in this place as a percentage of turns spent in this place.
 D = Turns resting spent in this place as a percentage of non-inter-level travel turns spent in this place.
 E = Turns spent auto-exploring this place as a percentage of non-inter-level travel turns spent in this place.
 F = Non-inter-level travel turns spent in this place divided by the number of levels of this place that you've seen.
                   A       B       C       D       E      F
               +-------+-------+-------+-------+-------+----------------------
         Total | 100.0 | 100.0 |   0.0 |   3.6 |   0.0 | 112.0
       Dungeon | 100.0 | 100.0 |   0.0 |   3.6 |   0.0 | 112.0
               +-------+-------+-------+-------+-------+----------------------

Table legend:
 A = Kills in this place as a percentage of kills in entire the game.
 B = Kills by you in this place as a percentage of kills by you in the entire game.
 C = Kills by friends in this place as a percentage of kills by friends in the entire game.
 D = Other kills in this place as a percentage of other kills in the entire game.
 E = Experience gained in this place as a percentage of experience gained in the entire game.
 F = Experience gained in this place divided by the number of levels of this place that you have seen.
                   A       B       C       D       E      F
               +-------+-------+-------+-------+-------+----------------------
         Total | 100.0 | 100.0 |  -nan |  -nan | 100.0 | 434.0
       Dungeon | 100.0 | 100.0 |  -nan |  -nan | 100.0 | 434.0
               +-------+-------+-------+-------+-------+----------------------
